[Event "RUS-chTW Premier 2019"]
[Site "Sochi"]
[Date "2019.05.01"]
[Round "1.1"]
[White "Grabuzova, Tatiana"]
[Black "Shuvalova, Polina"]
[Result "1/2-1/2"]
[ECO "E01"]
[WhiteElo "2314"]
[BlackElo "2439"]
[Annotator "NA"]
[PlyCount "83"]
[EventDate "2019.04.30"]
[EventType "team-tourn"]
[EventCountry "RUS"]
[SourceTitle "playchess.com"]
[Source "ChessBase"]
[SourceQuality "1"]
[TimeControl "40/5400+30:1800+30"]

1. d4 Nf6 2. c4 e6 3. g3 d5 4. Bg2 Bb4+ 5. Bd2 Be7 6. Nf3 c6 7. Qc2 Nbd7 8. O-O b6 9. cxd5 cxd5 10. Rc1 O-O 11. Bf4 Bb7 12. Na3 Rc8 13. Qb3 a6 14. Nc2 Rc4 15. Nd2 Rc6 16. Nb4 Rxc1+ 17. Rxc1 Qa8 18. Nd3 Rc8 19. Nf3 Rxc1+ 20. Bxc1 Qc8 21. Bg5 h6 22. Bxf6 Bxf6 23. e3 Be7 24. Nfe5 Nxe5 25. Nxe5 Qc1+ 26. Bf1 b5 27. Nd3 Qd2 28. Qc3 Qxc3 29. bxc3 Ba3 30. Be2 Kf8 31. Kf1 f6 32. Ke1 Ke7 33. Kd2 Bd6 34. Kc2 a5 35. Nc1 Bc6 36. Nb3 Bc7 37. Nc5 g6 38. Bd3 f5 39. h4 g5 40. hxg5 hxg5 41. Be2 Be8 42. f4 1/2-1/2

[Event "RUS-chTW Premier 2019"]
[Site "Sochi"]
[Date "2019.05.01"]
[Round "1.2"]
[White "Kovalevskaya, Ekaterina"]
[Black "Zaiatz, Elena"]
[Result "1/2-1/2"]
[ECO "C47"]
[WhiteElo "2413"]
[BlackElo "2345"]
[Annotator "NA"]
[PlyCount "147"]
[EventDate "2019.04.30"]
[EventType "team-tourn"]
[EventCountry "RUS"]
[SourceTitle "playchess.com"]
[Source "ChessBase"]
[SourceQuality "1"]
[TimeControl "40/5400+30:1800+30"]

1. e4 e5 2. Nf3 Nc6 3. Nc3 Nf6 4. d4 exd4 5. Nxd4 Bb4 6. Nxc6 bxc6 7. Bd3 d5 8. exd5 cxd5 9. O-O O-O 10. Bg5 c6 11. Qf3 h6 12. Bxf6 Qxf6 13. Qxf6 gxf6 14. Ne2 Rb8 15. b3 Be6 16. Ng3 Bc3 17. Rad1 Rfe8 18. Nf5 h5 19. f4 Kf8 20. Rf3 Rb4 21. a3 Bxf5 22. Bxf5 Rd4 23. Rxd4 Bxd4+ 24. Kf1 Re3 25. Rxe3 Bxe3 26. g3 h4 27. Kg2 a5 28. a4 c5 29. Bd3 hxg3 30. Kxg3 f5 31. Bxf5 c4 32. bxc4 dxc4 33. Kf3 Bd4 34. h4 Kg7 35. Ke4 Bf6 36. h5 c3 37. Bg4 Be7 38. Be2 Bd8 39. Kd3 Bf6 40. Bf3 Kh6 41. Kc4 Kg7 42. Bd5 Kg8 43. Kb5 Bd8 44. Kc6 Kg7 45. Kd7 Bb6 46. f5 f6 47. Kd6 Bd8 48. Bf3 Bb6 49. Kd5 Bc7 50. Ke6 Bd8 51. Bc6 Bb6 52. Kd6 Bd8 53. Be8 Bb6 54. Kc6 Bd8 55. Bg6 Kh6 56. Kd7 Bb6 57. Ke6 Kg7 58. Be8 Bd8 59. Bb5 Bb6 60. Bd3 Bd8 61. Kd6 Bb6 62. Ke7 Bc5+ 63. Ke6 Bb6 64. h6+ Kxh6 65. Kxf6 Bd8+ 66. Kf7 Kg5 67. Ke6 Bf6 68. Kd7 Kh6 69. Kc6 Kg7 70. Kb5 Bd8 71. Be4 Bc7 72. Kc4 Be5 73. Kc5 Bf6 74. Kb5 1/2-1/2

[Event "RUS-chTW Premier 2019"]
[Site "Sochi"]
[Date "2019.05.01"]
[Round "1.3"]
[White "Tsiganova, Monika"]
[Black "Bivol, Alina"]
[Result "0-1"]
[ECO "E68"]
[WhiteElo "2052"]
[BlackElo "2393"]
[Annotator "NA"]
[PlyCount "104"]
[EventDate "2019.04.30"]
[EventType "team-tourn"]
[EventCountry "RUS"]
[SourceTitle "playchess.com"]
[Source "ChessBase"]
[SourceQuality "1"]
[TimeControl "40/5400+30:1800+30"]

1. d4 Nf6 2. Nf3 g6 3. c4 Bg7 4. Nc3 d6 5. g3 O-O 6. Bg2 Nbd7 7. O-O e5 8. e4 exd4 9. Nxd4 Re8 10. Re1 Nc5 11. h3 Bd7 12. b3 a5 13. Rb1 h6 14. Bb2 Qc8 15. Kh2 h5 16. Qd2 Ne6 17. Nd5 Nxd5 18. exd5 Nf8 19. a4 Nh7 20. Bc3 Qd8 21. Rxe8+ Bxe8 22. Re1 Bd7 23. f4 Qf8 24. Be4 b6 25. Ne6 Bxc3 26. Qxc3 Qh6 27. Nxc7 Rc8 28. Nb5 Bxb5 29. axb5 h4 30. Bg2 hxg3+ 31. Qxg3 Nf6 32. Qg5 Qxg5 33. fxg5 Nd7 34. Bf3 Ne5 35. Be2 Re8 36. Rf1 Nd7 37. Bg4 Nc5 38. Rf3 Re2+ 39. Kg1 Rb2 40. Re3 Kf8 41. Rf3 Kg7 42. Re3 Nxb3 43. Re7 Nd2 44. Be2 a4 45. Ra7 Rb4 46. Ra6 Ne4 47. h4 Nc5 48. Ra7 Rb3 49. Kg2 Re3 50. Bg4 Kf8 51. Bd7 Re4 52. Ra8+ Kg7 0-1

[Event "RUS-chTW Premier 2019"]
[Site "Sochi"]
[Date "2019.05.01"]
[Round "1.4"]
[White "Voit, Daria"]
[Black "Bezgodova, Svetlana"]
[Result "1-0"]
[ECO "A53"]
[WhiteElo "2340"]
[BlackElo "2054"]
[Annotator "NA"]
[PlyCount "97"]
[EventDate "2019.04.30"]
[EventType "team-tourn"]
[EventCountry "RUS"]
[SourceTitle "playchess.com"]
[Source "ChessBase"]
[SourceQuality "1"]
[TimeControl "40/5400+30:1800+30"]

1. d4 Nf6 2. c4 d6 3. Nc3 Nbd7 4. Nf3 c6 5. Bg5 h6 6. Bh4 g5 7. Bg3 Nh5 8. e3 Bg7 9. Be2 Ndf6 10. Qc2 Qa5 11. Bd3 Bd7 12. a3 Kf8 13. b4 Qc7 14. O-O Nxg3 15. fxg3 Re8 16. e4 e5 17. d5 c5 18. Nd1 a6 19. Ne3 Ng4 20. Nxg4 Bxg4 21. Ne1 f6 22. Rb1 Bc8 23. Qf2 Kg8 24. Nc2 Rf8 25. Ne3 Rf7 26. Be2 h5 27. Nf5 Bf8 28. Rb3 cxb4 29. axb4 b5 30. cxb5 Qc2 31. Qe3 Bxf5 32. Rxf5 axb5 33. Bxb5 g4 34. Rf2 Qd1+ 35. Rf1 Qc2 36. Be8 Re7 37. Bc6 Bh6 38. Qd3 Qa2 39. Ra3 Qb2 40. b5 Kg7 41. Rb1 Qd4+ 42. Qxd4 exd4 43. b6 Be3+ 44. Kf1 f5 45. e5 h4 46. gxh4 Rxh4 47. b7 Rxh2 48. b8=Q Bg5 49. Rb7 1-0

[Event "RUS-chTW Premier 2019"]
[Site "Sochi"]
[Date "2019.05.01"]
[Round "1.5"]
[White "Ushenina, Anna"]
[Black "Borisova, Ekaterina"]
[Result "1-0"]
[ECO "D15"]
[WhiteElo "2442"]
[BlackElo "2292"]
[Annotator "NA"]
[PlyCount "65"]
[EventDate "2019.04.30"]
[EventType "team-tourn"]
[EventCountry "RUS"]
[SourceTitle "playchess.com"]
[Source "ChessBase"]
[SourceQuality "1"]
[TimeControl "40/5400+30:1800+30"]

1. d4 d5 2. Nf3 Nf6 3. c4 c6 4. Nc3 a6 5. e3 b5 6. b3 Bg4 7. Be2 Nbd7 8. h3 Bh5 9. g4 Bg6 10. Ne5 Nxe5 11. dxe5 Nd7 12. cxd5 cxd5 13. e6 fxe6 14. Bb2 Rc8 15. Rc1 Nf6 16. O-O e5 17. Nxd5 Rxc1 18. Nxf6+ exf6 19. Qxc1 Be4 20. a4 Qb8 21. axb5 axb5 22. Rd1 Be7 23. Ba3 b4 24. Bb2 Qb7 25. Qc4 g5 26. Qe6 Qc6 27. Bb5 Qxb5 28. Rc1 Qd7 29. Rc8+ Qxc8 30. Qxc8+ Bd8 31. Qe6+ Be7 32. Bxe5 fxe5 33. Qxe5 1-0

[Event "RUS-chTW Premier 2019"]
[Site "Sochi"]
[Date "2019.05.01"]
[Round "1.6"]
[White "Smirnova, Ekaterina"]
[Black "Pogonina, Natalija"]
[Result "1/2-1/2"]
[ECO "D35"]
[WhiteElo "2204"]
[BlackElo "2453"]
[Annotator "ChessBase"]
[PlyCount "120"]
[EventDate "2019.04.30"]
[EventType "team-tourn"]
[EventCountry "RUS"]
[SourceTitle "playchess.com"]
[Source "ChessBase"]
[SourceQuality "1"]
[TimeControl "40/5400+30:1800+30"]

1. d4 d5 2. c4 e6 3. Nc3 Nf6 4. cxd5 exd5 5. Bg5 c6 6. e3 Be7 7. Bd3 Nbd7 8. Nf3 O-O 9. Qc2 Re8 10. O-O Nf8 11. h3 Be6 12. Ne5 N6d7 13. Bxe7 Qxe7 14. f4 f6 15. Nf3 Bf7 16. Rae1 Nb6 17. f5 Rad8 18. g4 Nc8 19. h4 Nd6 20. g5 Bh5 21. Qg2 Kh8 22. g6 Qd7 23. Nd2 hxg6 24. fxg6 Qg4 25. Qxg4 Bxg4 26. Kf2 Bh5 27. Rg1 f5 28. Nf3 Bxg6 29. Ne5 Bh7 30. Ne2 Ne6 31. Nf4 Kg8 32. b4 Re7 33. a4 Ne4+ 34. Bxe4 fxe4 35. Nxe6 Rxe6 36. Kg3 Rf6 37. Rc1 Bf5 38. b5 Bd7 39. bxc6 Bxc6 40. a5 Rdd6 41. Rc3 Kh7 42. Rgc1 a6 43. Rb3 Bb5 44. Rc7 b6 45. axb6 Rxb6 46. Ra7 Rf1 47. Rb2 Rbf6 48. Rg2 Rh1 49. Rc2 Bf1 50. Rf7 Rh3+ 51. Kg4 Rxe3 52. Rxf6 gxf6 53. Rc7+ Kg8 54. Ng6 Be2+ 55. Kf5 Rf3+ 56. Ke6 Rf2 57. Ne7+ Kf8 58. Ng6+ Kg8 59. Ne7+ Kf8 60. Ng6+ Kg8 1/2-1/2

[Event "RUS-chTW Premier 2019"]
[Site "Sochi"]
[Date "2019.05.01"]
[Round "1.7"]
[White "Girya, Olga"]
[Black "Tomashevskaya, Lidia"]
[Result "1-0"]
[ECO "D28"]
[WhiteElo "2449"]
[BlackElo "2128"]
[Annotator "NA RC"]
[PlyCount "51"]
[EventDate "2019.04.30"]
[EventType "team-tourn"]
[EventCountry "RUS"]
[SourceTitle "playchess.com"]
[Source "ChessBase"]
[SourceQuality "1"]
[TimeControl "40/5400+30:1800+30"]

1. d4 d5 2. c4 dxc4 3. e3 Nf6 4. Bxc4 e6 5. Nf3 c5 6. O-O a6 7. Qe2 Nc6 8. Rd1 Qc7 9. dxc5 Bxc5 10. a3 O-O 11. b4 Bd6 12. Bb2 Ne5 13. Nbd2 Bd7 14. Rac1 Bc6 15. Bb3 Nxf3+ 16. Nxf3 Ne4 17. Rd4 Nf6 18. Rdd1 Ne4 19. Bc2 Qe7 20. Bb1 Bd5 21. Ne5 Rac8 22. f3 Nf6 23. Qd3 Rxc1 24. Rxc1 Rd8 25. Ng4 Bxh2+ 26. Nxh2 1-0

[Event "RUS-chTW Premier 2019"]
[Site "Sochi"]
[Date "2019.05.01"]
[Round "1.8"]
[White "Tishova, Svetlana"]
[Black "Guseva, Marina"]
[Result "0-1"]
[ECO "B51"]
[WhiteElo "2093"]
[BlackElo "2402"]
[Annotator "NA"]
[PlyCount "68"]
[EventDate "2019.04.30"]
[EventType "team-tourn"]
[EventCountry "RUS"]
[SourceTitle "playchess.com"]
[Source "ChessBase"]
[SourceQuality "1"]
[TimeControl "40/5400+30:1800+30"]

1. e4 c5 2. Nf3 d6 3. Bb5+ Nd7 4. d4 cxd4 5. Qxd4 a6 6. Be2 e5 7. Qe3 Ngf6 8. c4 Be7 9. Nc3 O-O 10. O-O Nc5 11. h3 Bd7 12. Rd1 Rc8 13. b3 Qe8 14. Bb2 h6 15. Nd2 Ne6 16. Nf1 Nd4 17. Qd2 Bd8 18. Ne3 Ba5 19. f3 Be6 20. Bf1 Bxh3 21. Qf2 Be6 22. Ncd5 Bxd5 23. cxd5 Bb6 24. Bxd4 Bxd4 25. Rxd4 exd4 26. Nf5 Qe5 27. Bd3 Nd7 28. f4 Qf6 29. Re1 Rfe8 30. Bb1 h5 31. g4 hxg4 32. Qh2 Qxf5 33. e5 d3 34. Rd1 dxe5 0-1

[Event "RUS-chTW Premier 2019"]
[Site "Sochi"]
[Date "2019.05.01"]
[Round "1.9"]
[White "Schepetkova, Margarita"]
[Black "Bodnaruk, Anastasia"]
[Result "1/2-1/2"]
[ECO "D71"]
[WhiteElo "2224"]
[BlackElo "2431"]
[Annotator "NA"]
[PlyCount "86"]
[EventDate "2019.04.30"]
[EventType "team-tourn"]
[EventCountry "RUS"]
[SourceTitle "playchess.com"]
[Source "ChessBase"]
[SourceQuality "1"]
[TimeControl "40/5400+30:1800+30"]

1. d4 Nf6 2. c4 g6 3. g3 Bg7 4. Bg2 c5 5. d5 d6 6. Nf3 O-O 7. O-O e6 8. Nc3 exd5 9. cxd5 Re8 10. Bf4 h6 11. Qc1 g5 12. Be3 Bf5 13. h4 g4 14. Nd2 Rxe3 15. fxe3 Bg6 16. Nc4 Qe7 17. e4 Nh5 18. Qe1 Nd7 19. Nb5 Be5 20. Nxe5 Qxe5 21. Qc3 Nxg3 22. Qxe5 Nxe5 23. Nxd6 Nxf1 24. Rxf1 b6 25. h5 Bh7 26. b3 Kg7 27. Rf4 f6 28. Kf2 a6 29. Nc4 Nxc4 30. Rxg4+ Kf7 31. bxc4 b5 32. Rf4 Ke7 33. d6+ Kxd6 34. Rxf6+ Ke5 35. Rxh6 Bxe4 36. Bxe4 Kxe4 37. Rd6 bxc4 38. h6 c3 39. Rd3 c2 40. Rc3 Kd5 41. Ke3 Rh8 42. Kd2 Rxh6 43. Kxc2 Rg6 1/2-1/2

[Event "RUS-chTW Premier 2019"]
[Site "Sochi"]
[Date "2019.05.01"]
[Round "1.10"]
[White "Ovod, Evgenija"]
[Black "Trapeznikova, Darya"]
[Result "1-0"]
[ECO "C55"]
[WhiteElo "2362"]
[BlackElo "2090"]
[Annotator "NA"]
[PlyCount "73"]
[EventDate "2019.04.30"]
[EventType "team-tourn"]
[EventCountry "RUS"]
[SourceTitle "playchess.com"]
[Source "ChessBase"]
[SourceQuality "1"]
[TimeControl "40/5400+30:1800+30"]

1. e4 e5 2. Nf3 Nc6 3. Bc4 Nf6 4. d3 Be7 5. O-O O-O 6. Re1 d6 7. a4 h6 8. a5 Bg4 9. h3 Bh5 10. c3 Nd7 11. a6 Qc8 12. g4 Bg6 13. axb7 Qxb7 14. Ba6 Qb6 15. b4 Nd8 16. Be3 Qb8 17. Nbd2 c6 18. Qb3 Qc7 19. Ra3 Nb6 20. Rea1 Ne6 21. Bc4 Nf4 22. Bxf4 exf4 23. Qa2 Bf6 24. d4 Nxc4 25. Qxc4 Qb7 26. e5 dxe5 27. Nxe5 Bxe5 28. dxe5 f3 29. Qc5 Rfd8 30. Rxa7 Rxa7 31. Rxa7 Qb8 32. Nxf3 Rd5 33. Qe7 Rd1+ 34. Kh2 Qb6 35. Kg3 Rd3 36. e6 Rxf3+ 37. Kxf3 1-0

[Event "RUS-chTW Premier 2019"]
[Site "Sochi"]
[Date "2019.05.01"]
[Round "1.11"]
[White "Chan, Naruna"]
[Black "Belenkaya, Dina"]
[Result "0-1"]
[ECO "B12"]
[WhiteElo "1985"]
[BlackElo "2315"]
[Annotator "NA"]
[PlyCount "118"]
[EventDate "2019.04.30"]
[EventType "team-tourn"]
[EventCountry "RUS"]
[SourceTitle "playchess.com"]
[Source "ChessBase"]
[SourceQuality "1"]
[TimeControl "40/5400+30:1800+30"]

1. e4 c6 2. d4 d5 3. e5 Bf5 4. h4 h5 5. c4 e6 6. Nc3 Ne7 7. Nge2 dxc4 8. Ng3 Bg6 9. Bxc4 Nf5 10. Nxf5 Bxf5 11. Bg5 Be7 12. Qd2 Nd7 13. Bxe7 Qxe7 14. Bd3 O-O-O 15. Bxf5 exf5 16. Qe3 Nb6 17. O-O-O g6 18. Rd3 Rd7 19. g3 Rhd8 20. Rhd1 Qe6 21. Kb1 Kb8 22. Ne2 Nd5 23. Qd2 Qe7 24. a3 Nc7 25. Qc2 Ne6 26. Qc4 Rc7 27. Nc3 g5 28. hxg5 Qxg5 29. Qa4 Rcd7 30. Qc4 Qg4 31. f4 h4 32. gxh4 Nxf4 33. R3d2 Ne6 34. h5 Rh8 35. Qb4 Rxh5 36. d5 Qxb4 37. axb4 cxd5 38. Nxd5 f4 39. Rc1 Rh8 40. Rdd1 Rhd8 41. Nc3 Rxd1 42. Rxd1 Rxd1+ 43. Nxd1 Kc7 44. Kc2 Kc6 45. Nc3 f3 46. Kd2 Nf4 47. Ne4 Kd5 48. Ke3 Ng6 49. Nd6 Nxe5 50. Nxb7 Kc4 51. Nd6+ Kxb4 52. Ne4 Kb3 53. Kf4 f6 54. Kf5 Kxb2 55. Kxf6 Nd3 56. Kf5 f2 57. Ng3 a5 58. Ke4 Kc2 59. Nf1 a4 0-1

[Event "RUS-chTW Premier 2019"]
[Site "Sochi"]
[Date "2019.05.01"]
[Round "1.12"]
[White "Styazhkina, Anna"]
[Black "Azimova, Karina"]
[Result "1/2-1/2"]
[ECO "B27"]
[WhiteElo "2272"]
[BlackElo "2072"]
[Annotator "NA"]
[PlyCount "120"]
[EventDate "2019.04.30"]
[EventType "team-tourn"]
[EventCountry "RUS"]
[SourceTitle "playchess.com"]
[Source "ChessBase"]
[SourceQuality "1"]
[TimeControl "40/5400+30:1800+30"]

1. e4 c5 2. Nf3 g6 3. c4 Nc6 4. d4 cxd4 5. Nxd4 Nf6 6. Nc3 d6 7. Be2 Nxd4 8. Qxd4 Bg7 9. Be3 O-O 10. Qd2 a5 11. Rd1 a4 12. c5 Be6 13. cxd6 Qxd6 14. Qxd6 exd6 15. a3 Rfd8 16. Bb6 Rd7 17. f3 Bb3 18. Rd2 d5 19. Bb5 Re7 20. Re2 dxe4 21. fxe4 Rc8 22. O-O Bc4 23. Bxc4 Rxc4 24. Rd1 Nd7 25. Bd8 Kf8 26. Bxe7+ Kxe7 27. Nd5+ Ke6 28. Red2 Nc5 29. Nc7+ Ke7 30. Nd5+ Ke6 31. Nb6 Rxe4 32. Rd6+ Kf5 33. R6d5+ Re5 34. Kf1 Ke6 35. Rxe5+ Bxe5 36. Nc4 Bxh2 37. Kf2 b5 38. Ne3 f5 39. Nc2 Be5 40. Nd4+ Bxd4+ 41. Rxd4 Ke5 42. Ke3 Ne4 43. Rd7 h6 44. Re7+ Kf6 45. Rc7 Ke5 46. Rc6 g5 47. Rxh6 Nd6 48. Kd3 Nc4 49. Kc3 Kf4 50. Rh3 g4 51. Rd3 Ne3 52. g3+ Ke4 53. Kd2 Nc4+ 54. Kc3 Nxb2 55. Rd4+ Ke3 56. Rf4 Nc4 57. Rxf5 Nxa3 58. Rf4 Nc4 59. Rxg4 Kf3 60. Rg5 Nd6 1/2-1/2

[Event "RUS-chTW Premier 2019"]
[Site "Sochi"]
[Date "2019.05.01"]
[Round "1.13"]
[White "Badelka, Olga"]
[Black "Nasybullina, Alfia"]
[Result "1-0"]
[ECO "A20"]
[WhiteElo "2383"]
[BlackElo "2065"]
[Annotator "NA"]
[PlyCount "119"]
[EventDate "2019.04.30"]
[EventType "team-tourn"]
[EventCountry "RUS"]
[SourceTitle "playchess.com"]
[Source "ChessBase"]
[SourceQuality "1"]
[TimeControl "40/5400+30:1800+30"]

1. c4 e5 2. g3 d5 3. cxd5 Qxd5 4. Nf3 Nc6 5. Nc3 Qd8 6. Bg2 Nf6 7. O-O Be7 8. a3 O-O 9. b4 e4 10. Ng5 Bf5 11. Bb2 Qd4 12. Qc1 Rad8 13. Ncxe4 Nxe4 14. Nxe4 Qd7 15. d3 Bh3 16. b5 Bxg2 17. Kxg2 Nd4 18. Bxd4 Qxd4 19. Qxc7 Rd7 20. Qc4 Qxc4 21. dxc4 Rd4 22. Nc3 Rxc4 23. Nd5 Bc5 24. a4 Rd8 25. Nf4 g5 26. Nd3 Bd4 27. Ra2 Rdc8 28. Rb1 Rc2 29. Rxc2 Rxc2 30. Rb4 Bf6 31. Kf3 Kg7 32. Re4 h5 33. h4 a6 34. hxg5 Bxg5 35. Re5 Kg6 36. bxa6 bxa6 37. Ra5 h4 38. Rxa6+ Kg7 39. gxh4 Bxh4 40. a5 Ra2 41. Ra8 Bf6 42. e3 Rd2 43. Nc5 Bh4 44. Ne4 Ra2 45. a6 Be7 46. Nc3 Ra5 47. Ke4 Bh4 48. f4 Be1 49. Nd5 Bd2 50. f5 Ra3 51. f6+ Kh7 52. a7 Be1 53. Ne7 Bc3 54. Rf8 Bxf6 55. Rxf7+ Bg7 56. Nf5 Ra4+ 57. Kd5 Kg6 58. Rxg7+ Kxf5 59. Kc6 Ke6 60. Kb7 1-0

[Event "RUS-chTW Premier 2019"]
[Site "Sochi"]
[Date "2019.05.01"]
[Round "1.14"]
[White "Mukhina, Jana"]
[Black "Dordzhieva, Dinara"]
[Result "0-1"]
[ECO "B80"]
[WhiteElo "2098"]
[BlackElo "2280"]
[Annotator "NA"]
[PlyCount "64"]
[EventDate "2019.04.30"]
[EventType "team-tourn"]
[EventCountry "RUS"]
[SourceTitle "playchess.com"]
[Source "ChessBase"]
[SourceQuality "1"]
[TimeControl "40/5400+30:1800+30"]

1. e4 c5 2. Nf3 e6 3. d4 cxd4 4. Nxd4 Nf6 5. Nc3 d6 6. Be3 a6 7. f4 Be7 8. Qf3 Qc7 9. Rg1 b5 10. a3 Bb7 11. Bd3 Nc6 12. g4 Nd7 13. g5 Nc5 14. h4 b4 15. Nce2 bxa3 16. bxa3 Nxd4 17. Bxd4 e5 18. Bc3 O-O 19. h5 d5 20. exd5 e4 21. Bxe4 Nxe4 22. Qxe4 Bc5 23. Rg3 Rfe8 24. Qg2 Qxf4 25. g6 fxg6 26. hxg6 h6 27. Rf3 Qc4 28. Rd1 Rad8 29. Rh3 Rxd5 30. Rxd5 Bxd5 31. Qh2 Qe4 32. Rh5 Bd6 0-1

[Event "RUS-chTW Premier 2019"]
[Site "Sochi"]
[Date "2019.05.01"]
[Round "1.15"]
[White "Maltsevskaya, Aleksandra"]
[Black "Mironenko, Galina"]
[Result "1-0"]
[ECO "B27"]
[WhiteElo "2299"]
[BlackElo "1901"]
[Annotator "NA"]
[PlyCount "95"]
[EventDate "2019.04.30"]
[EventType "team-tourn"]
[EventCountry "RUS"]
[SourceTitle "playchess.com"]
[Source "ChessBase"]
[SourceQuality "1"]
[TimeControl "40/5400+30:1800+30"]

1. e4 c5 2. Nf3 g6 3. g3 Nc6 4. Bg2 Bg7 5. O-O d6 6. Nc3 e5 7. a3 Nge7 8. b4 O-O 9. d3 h6 10. bxc5 dxc5 11. Rb1 b6 12. Nd5 Be6 13. c4 Kh7 14. a4 f5 15. exf5 Nxf5 16. Re1 Qd6 17. Bb2 Rae8 18. a5 Bxd5 19. cxd5 Nxa5 20. Ra1 Qb8 21. Qa4 Nd4 22. Nd2 Nb7 23. Bxd4 cxd4 24. Qxa7 Qxa7 25. Rxa7 Nc5 26. Be4 Nxe4 27. Nxe4 Rf3 28. Rc1 Rg8 29. Kg2 Rff8 30. Rb1 Ra8 31. Rxa8 Rxa8 32. Rxb6 Rd8 33. d6 Kh8 34. Rb7 Bf8 35. h4 Bg7 36. Re7 Kg8 37. Rc7 Kf8 38. g4 Kg8 39. h5 gxh5 40. gxh5 Kf8 41. Kf3 Kg8 42. Kg4 Kf8 43. Kf5 Kg8 44. Kg6 Bh8 45. d7 Kf8 46. Rc8 Ke7 47. Rxd8 Kxd8 48. Kh7 1-0

[Event "RUS-chTW Premier 2019"]
[Site "Sochi"]
[Date "2019.05.01"]
[Round "1.16"]
[White "Filippova, Darya"]
[Black "Diakonova, Ekaterina"]
[Result "1-0"]
[ECO "A25"]
[WhiteElo "2070"]
[BlackElo "2211"]
[Annotator "NA"]
[PlyCount "71"]
[EventDate "2019.04.30"]
[EventType "team-tourn"]
[EventCountry "RUS"]
[SourceTitle "playchess.com"]
[Source "ChessBase"]
[SourceQuality "1"]
[TimeControl "40/5400+30:1800+30"]

1. g3 e5 2. c4 Nc6 3. Bg2 g6 4. Nc3 Bg7 5. d3 Nge7 6. Rb1 a5 7. a3 f5 8. Bg5 h6 9. Bxe7 Nxe7 10. e3 O-O 11. Nge2 d6 12. O-O c6 13. d4 Be6 14. d5 Bf7 15. Qd2 c5 16. b4 axb4 17. axb4 b6 18. bxc5 bxc5 19. e4 Be8 20. Rb7 f4 21. f3 h5 22. Bh3 g5 23. Be6+ Kh8 24. Rfb1 Bf7 25. Rd7 Qe8 26. Rbb7 Bf6 27. Nb5 Ra1+ 28. Nc1 Bxe6 29. dxe6 Nc8 30. Qc3 Ra4 31. Nxd6 Nxd6 32. Rxd6 Rb4 33. Rbd7 Bg7 34. Rxg7 Kxg7 35. Qxe5+ Kh7 36. Rd7+ 1-0

[Event "RUS-chTW Premier 2019"]
[Site "Sochi"]
[Date "2019.05.02"]
[Round "2.1"]
[White "Kosteniuk, Alexandra"]
[Black "Badelka, Olga"]
[Result "1/2-1/2"]
[ECO "A35"]
[WhiteElo "2546"]
[BlackElo "2383"]
[Annotator "ChessBase"]
[PlyCount "80"]
[EventDate "2019.05.01"]
[EventType "team-tourn"]
[EventCountry "RUS"]
[SourceTitle "playchess.com"]
[Source "ChessBase"]
[SourceQuality "1"]
[TimeControl "40/5400+30:1800+30"]

1. c4 Nf6 2. Nc3 c5 3. Nf3 Nc6 4. d4 cxd4 5. Nxd4 d6 6. g3 g6 7. Bg2 Bd7 8. Nb3 Bg7 9. c5 dxc5 10. Nxc5 O-O 11. O-O Bc8 12. Qb3 Qb6 13. Qxb6 axb6 14. Nd3 Bf5 15. Nf4 Na5 16. e4 Bd7 17. Rb1 Nc4 18. a4 e6 19. Nfe2 Rfc8 20. b3 Na5 21. e5 Ng4 22. f4 Bc6 23. Ne4 f5 24. exf6 Nxf6 25. Nxf6+ Bxf6 26. Be3 Bxg2 27. Kxg2 Rc2 28. Kf3 Rd8 29. Rfd1 Rxd1 30. Rxd1 Nxb3 31. Rd6 Nc5 32. Rxb6 Nxa4 33. Rxb7 e5 34. fxe5 Bxe5 35. Ra7 Nc3 36. Nxc3 Rxc3 37. Ke4 Bf6 38. Bh6 Rc5 39. h4 Re5+ 40. Kf4 Re8 {[%emt 0:00:00] Ke4} 1/2-1/2

[Event "RUS-chTW Premier 2019"]
[Site "Sochi"]
[Date "2019.05.02"]
[Round "2.3"]
[White "Bivol, Alina"]
[Black "Maltsevskaya, Aleksandra"]
[Result "1/2-1/2"]
[ECO "B18"]
[WhiteElo "2393"]
[BlackElo "2299"]
[Annotator "NA"]
[PlyCount "100"]
[EventDate "2019.05.01"]
[EventType "team-tourn"]
[EventCountry "RUS"]
[SourceTitle "playchess.com"]
[Source "ChessBase"]
[SourceQuality "1"]
[TimeControl "40/5400+30:1800+30"]

1. e4 c6 2. d4 d5 3. Nc3 dxe4 4. Nxe4 Bf5 5. Ng3 Bg6 6. c3 Nd7 7. Bc4 Qc7 8. h4 h6 9. N1e2 e6 10. Nf4 Bh7 11. O-O O-O-O 12. Qf3 Ngf6 13. Nfh5 Rg8 14. a4 Bd6 15. a5 Nxh5 16. Nxh5 g5 17. a6 b5 18. Be2 Bg6 19. Qe3 gxh4 20. Qh3 Be4 21. f3 Bf5 22. Qxh4 Nf8 23. f4 Be4 24. Rf2 Ng6 25. Qh2 Qe7 26. Ng3 Bd5 27. b3 Bxb3 28. Ne4 Bd5 29. Nxd6+ Qxd6 30. Ba3 Qc7 31. Bb4 Rde8 32. Rc1 Rg7 33. c4 bxc4 34. Bxc4 Bxc4 35. Rxc4 Reg8 36. f5 exf5 37. Bd6 Qb6 38. Rb4 Qxa6 39. Qh3 Kd7 40. Bc5 Qa1+ 41. Rf1 Qa2 42. Rb7+ Kc8 43. Rxa7 Nf4 44. Qxf5+ Qe6 45. Ra8+ Kd7 46. Qxe6+ Nxe6 47. Rxg8 Rxg8 48. Rxf7+ Kc8 49. Rf6 Kd7 50. Rxh6 Nxc5 1/2-1/2

[Event "RUS-chTW Premier 2019"]
[Site "Sochi"]
[Date "2019.05.02"]
[Round "2.4"]
[White "Diakonova, Ekaterina"]
[Black "Voit, Daria"]
[Result "0-1"]
[ECO "B30"]
[WhiteElo "2211"]
[BlackElo "2340"]
[Annotator "NA"]
[PlyCount "58"]
[EventDate "2019.05.01"]
[EventType "team-tourn"]
[EventCountry "RUS"]
[SourceTitle "playchess.com"]
[Source "ChessBase"]
[SourceQuality "1"]
[TimeControl "40/5400+30:1800+30"]

1. e4 c5 2. Nf3 Nc6 3. c4 e5 4. Nc3 d6 5. d3 f5 6. Nd5 Be7 7. Be2 Nf6 8. Qc2 O-O 9. Be3 Rb8 10. a3 Qe8 11. b4 b6 12. Rb1 Nd4 13. Nxd4 cxd4 14. Bd2 fxe4 15. dxe4 Nxd5 16. cxd5 Qg6 17. Bf3 Rxf3 18. gxf3 Qg2 19. Rf1 Bh3 20. Ke2 Rf8 21. Qd3 Bh4 22. a4 g5 23. Bxg5 Qxg5 24. Rg1 Bg2 25. a5 Kh8 26. Rbd1 Bxf3+ 27. Qxf3 Rxf3 28. Kxf3 Qf4+ 29. Kg2 Qg4+ 0-1

[Event "RUS-chTW Premier 2019"]
[Site "Sochi"]
[Date "2019.05.02"]
[Round "2.6"]
[White "Girya, Olga"]
[Black "Markelova, Lubov"]
[Result "1-0"]
[ECO "D12"]
[WhiteElo "2449"]
[BlackElo "2199"]
[Annotator "NA"]
[PlyCount "135"]
[EventDate "2019.05.01"]
[EventType "team-tourn"]
[EventCountry "RUS"]
[SourceTitle "playchess.com"]
[Source "ChessBase"]
[SourceQuality "1"]
[TimeControl "40/5400+30:1800+30"]

1. d4 d5 2. c4 c6 3. Nf3 Nf6 4. e3 Bf5 5. Nc3 e6 6. Nh4 Be4 7. f3 Bg6 8. Qb3 Qc7 9. Bd2 Be7 10. g3 Nbd7 11. Rc1 Rc8 12. cxd5 exd5 13. Bh3 Rd8 14. O-O Qb6 15. Na4 Qxb3 16. axb3 O-O 17. Nf5 Bxf5 18. Bxf5 g6 19. Bd3 Ne8 20. Ba5 Rc8 21. e4 dxe4 22. fxe4 Ng7 23. Bd2 Ne6 24. Be3 Nf6 25. h3 Rfd8 26. d5 cxd5 27. Rxc8 Rxc8 28. exd5 Nxd5 29. Bxa7 b6 30. Be4 Nf6 31. Bg2 Nd7 32. Kh1 Rc2 33. Nxb6 Nxb6 34. Bxb6 Rxb2 35. Bd5 Bd6 36. Rf2 Rb1+ 37. Kg2 h5 38. h4 Rd1 39. Bc4 Rc1 40. Rf3 Rc2+ 41. Kf1 Kg7 42. Bf2 Be5 43. Ke1 Rc3 44. Rxc3 Bxc3+ 45. Ke2 Kf6 46. Kd3 Bb4 47. Bd5 g5 48. Kc4 Bd6 49. b4 gxh4 50. gxh4 Nf4 51. b5 Ng6 52. Bb7 Kf5 53. Kd5 Bb8 54. Bc8+ Kf4 55. Bc5 Kf3 56. b6 Nf4+ 57. Kc6 Be5 58. b7 Bb8 59. Bd6 Ba7 60. Kb5 Nd3 61. Ka6 Bb8 62. Bxb8 Nc5+ 63. Kb6 Nxb7 64. Kxb7 Ke4 65. Kc6 f5 66. Kd6 Kf4 67. Bc7 Kg4 68. Bd8 1-0